 Dungeon Crawl Stone Soup version 0.29-a0-838-g385bb11a5b (webtiles) character file.

Game seed: 10798046466047346436

29 purpskrrrp the Sneak (level 3, -2/16 HPs)
             Began as a Vine Stalker Enchanter on July 13, 2022.
             Slain by Natasha (3 damage)
             ... on level 2 of the Dungeon.
             The game lasted 00:02:14 (1469 turns).

purpskrrrp the Sneak (Vine Stalker Enchanter)       Turns: 1469, Time: 00:02:14

Health: -2/16      AC:  3    Str: 10    XL:     3   Next: 16%
Magic:  0/7        EV: 12    Int: 15    God:
Gold:   52         SH:  0    Dex: 16    Spells: 6/6 levels left

rFire   . . .      SeeInvis .   a - +2 dagger
rCold   . . .      Faith    .   (no shield)
rNeg    . . .      Spirit   +   b - +1 robe
rPois   .          Reflect  .   (no helmet)
rElec   .          Harm     .   (no cloak)
rCorr   .          Rampage  .   (no gloves)
Will    .....                   (no boots)
Stlth   +++.......              (no amulet)
HPRegen 0.05/turn               i - ring of flight
MPRegen 0.10/turn               (no ring)

@: flying
A: fangs 2, magic shield, antimagic bite, no potion heal 2
a: no special abilities


You were on level 2 of the Dungeon.
You visited 1 branch of the dungeon, and saw 2 of its levels.

You collected 52 gold pieces.

Inventory:

Hand Weapons
 a - a +2 dagger (weapon)
Armour
 b - a +1 robe (worn)
Jewellery
 i - a ring of flight (left hand)
Potions
 c - 2 potions of invisibility
 d - 2 potions of heal wounds {unknown}
 e - 3 potions of curing
 h - a potion of flight {unknown}


   Skills:
 + Level 0.1 Fighting
 + Level 1.1 Short Blades
 + Level 1.6 Dodging
 + Level 4.2 Stealth
 + Level 2.4 Spellcasting
 + Level 3.5 Hexes


You had 6 spell levels left.
You didn't know any spells.
Your spell library contained the following spells:

 Spells                   Type           Power      Damage    Failure   Level
 Ensorcelled Hibernation  Hex/Ice        14%        N/A       16%         2
 Confusing Touch          Hex            12%        N/A       16%         3
 Tukima's Dance           Hex            12%        N/A       16%         3
 Magic Dart               Conj           4%         1d3       22%         1
 Dazzling Flash           Conj/Hex       14%        N/A       30%         3
 Call Imp                 Summ           1%         N/A       32%         2
 Mephitic Cloud           Conj/Pois/Air  1%         N/A       54%         3
 Silence                  Hex/Air        3%         N/A       96%         5
 Agony                    Necr           1%         N/A       99%         5


Dungeon Overview and Level Annotations

Branches:
Dungeon (2/15)

Altars:

Annotations:
D:2 Natasha, Terence


Innate Abilities, Weirdness & Mutations

You have extremely sharp teeth.
When hurt, damage is shared between your health and your magic reserves.
Your bite disrupts and absorbs the magic of your enemies.
Potions cannot restore your health.


Message History

Found a stone staircase leading down.
You hit Natasha. You bite Natasha, but do no damage.
Natasha is lightly wounded.
Natasha claws you.
You are too injured to fight recklessly!
You are too injured to fight recklessly!
You are too injured to fight recklessly!
You barely miss Natasha. You bite Natasha.
Natasha's magic leaks into the air.
You drain her magic.
You feel invigorated.
Natasha is moderately wounded.
Natasha mumbles some strange words.
You barely miss Natasha.
Natasha is moderately wounded.
Natasha drinks a potion.
Natasha seems to speed up.
The crimson imp hits you but does no damage.
You hit Natasha.
Natasha is moderately wounded.
Natasha claws you.
The crimson imp hits you but does no damage.
You hit Natasha.
Natasha is heavily wounded.
Terence shouts!
Natasha mumbles some strange words.
Natasha's front paws start to glow.
Natasha stares at you and mumbles some strange words.
You resist with some effort.
The crimson imp blinks!
The crimson imp barely misses you. Natasha claws you.
* * * LOW HITPOINT WARNING * * *
You hit Natasha.
Natasha is heavily wounded.
The crimson imp shouts, "Give up, thou rank hedge-born mendicant!"
Natasha claws you.
* * * LOW HITPOINT WARNING * * *
The crimson imp hits you but does no damage.
You hit Natasha but do no damage.
Natasha is heavily wounded.
Natasha closely misses you.
The crimson imp hits you but does no damage.
Natasha claws you.
You die...

..........#......# ....
.................# .....
.................# .....
#................##.....
#.....##+#..............
................
...............#
...............
......ยง@#......
......5h5......
...............
...............
...@...........
............###
............#
...>....#....


You could see Terence, Natasha (fast, magic disrupted) and 2 crimson imps.

Vanquished Creatures
  2 bats (D:1)
  An endoplasm (D:1)
  2 giant cockroaches (D:1)
  4 goblins (D:1)
  3 hobgoblins (D:1)
  2 quokkas (D:1)
  3 ball pythons (D:1)
  A frilled lizard (D:1)
  6 kobolds
  3 rats (D:1)
27 creatures vanquished.

Notes
Turn   | Place    | Note
-------+----------+-------------------------------------------
     0 | D:1      | purpskrrrp the Vine Stalker Enchanter began the quest for
                  | the Orb.
     0 | D:1      | Reached XP level 1. HP: 9/9 MP: 4/4
   375 | D:1      | Reached XP level 2. HP: 11/13 MP: 6/6
   452 | D:1      | Reached skill level 4 in Stealth
   628 | D:1      | Reached skill level 1 in Short Blades
   658 | D:1      | Reached XP level 3. HP: 5/16 MP: 5/7
  1457 | D:2      | Noticed Natasha
  1460 | D:2      | Noticed Terence
  1469 | D:2      | Slain by Natasha

Illustrated notes

Levels and vault maps discovered:
D:1:      amcnicky_arrival_choice, layout_loops_ring
D:2:      layout_basic, minmay_diced_spiral, uniq_natasha, uniq_terence

Skill      XL: |  1  2 |
---------------+-------+-----
Stealth        | 4 |  4.2
Short Blades   | 1 |  1.1
Fighting       | |  0.1
Dodging        | |  1.6
Spellcasting   | |  2.4
Hexes          | |  3.5

Action                   || total
-------------------------++-------
Melee: Dagger            ||    68
       Bite              ||    18
  Use: Scroll            ||     5
 Stab: Sleeping          ||     7
Armor: Robe              ||    16
Dodge: Dodged            ||    37

Table legend: (Time is in decaauts)
 A = Elapsed time spent in this place.
 B = Non-inter-level travel time spent in this place.
 C = Inter-level travel time spent in this place.
 D = Time resting spent in this place.
 E = Time spent auto-exploring this place.
 F = Levels seen in this place.
 G = Mean time per level.
                   A        B        C        D        E       F      G
               +--------+--------+--------+--------+--------+-----+--------+
         Total |   1465 |   1447 |     18 |      0 |   1228 |   2 |  732.5 |
       Dungeon |   1465 |   1447 |     18 |      0 |   1228 |   2 |  732.5 |
               +--------+--------+--------+--------+--------+-----+--------+

Top non-repeatable levels by time:
     D:1: 1315 daAuts
     D:2: 149 daAuts
